AoeStats
← ForWorldPeace

Black Forest

509034451Analyzed
3v3 RM · 7d ago on Sep 25, 2026· 39m 55s· 6 players
Game mode
Random Map
Map size
Normal (6 player)
Population
200
Speed
Normal
Resources
Standard
Victory
Conquest
Starting age
Dark Age
Ending age
Imperial Age
RankedLock teamsTeams togetherTeam positionsShared explorationLock speedFull tech treeHidden civsTurbo modeCheats
Victory
Defeat
🇺🇸 Varangians · United States
848
+12
🇨🇳 Franks · China
809
+13
🇷🇺 Saxons · Russia
772
+15
🇺🇾 Teutons · Uruguay
810
-41
🇨🇳 Turks · China
720
-12
🇨🇳 Mongols · China
702
-11
gaaraofbenton10
0:43 Loom
11:58 Feudal Age
12:54 Double-Bit Axe
12:53 Fishing Lines
13:19 Horse Collar
15:43 Wheelbarrow
20:58 Castle Age
21:17 Bloodlines
21:17 Scale Barding Armor
21:23 Forging
22:51 Bow Saw
24:14 Hand Cart
25:18 Gold Mining
28:03 Gillnets
30:53 Iron Casting
30:38 Chain Barding Armor
30:21 Husbandry
34:54 Imperial Age
35:25 Cavalier
36:53 Plate Barding Armor
37:18 Blast Furnace
ForWorldPeace
15:34 Feudal Age
15:41 Feudal Age
16:14 Double-Bit Axe
16:11 Horse Collar
16:23 Stone Mining
16:27 Gold Mining
22:37 Castle Age
24:32 Bow Saw
24:26 Heavy Plow
27:28 Loom
28:19 Wheelbarrow
27:54 Gambesons
30:13 Hand Cart
34:23 Town Watch
36:22 Town Patrol
39:13 Imperial Age
36:54 Murder Holes
37:09 Fortified Wall
38:14 Thumb Ring
38:22 Forging
38:03 Fletching
38:14 Padded Archer Armor
38:15 Scale Mail Armor
kilfal
0:37 Loom
10:37 Feudal Age
11:03 Double-Bit Axe
17:54 Castle Age
16:17 Fishing Lines
17:50 Gold Mining
18:51 Bow Saw
19:26 Stone Mining
20:38 Wheelbarrow
23:35 Gold Shaft Mining
26:11 Hand Cart
30:30 Imperial Age
29:30 Squires
29:23 Fletching
29:43 Town Watch
30:25 Ballistics
29:59 Elite Skirmisher
31:10 Bodkin Arrow
31:38 Conscription
31:34 Town Patrol
31:43 Padded Archer Armor
33:48 Chemistry
33:08 Leather Archer Armor
33:01 Scale Barding Armor
33:17 Cavalier
34:29 Murder Holes
34:21 Arson
34:42 Husbandry
37:04 Chain Barding Armor
37:45 Forging
37:48 Paladin
39:33 Plate Barding Armor
40:42 Iron Casting
vgutierrez
13:21 Feudal Age
13:51 Double-Bit Axe
13:57 Gold Mining
13:48 Horse Collar
15:31 Wheelbarrow
19:26 Castle Age
18:19 Forging
21:03 Bow Saw
21:52 Stone Mining
23:21 Heavy Plow
25:18 Hand Cart
26:14 Stone Shaft Mining
26:11 Pikeman
30:37 Iron Casting
34:50 Imperial Age
33:00 Scale Mail Armor
35:07 Elite Teutonic Knight
37:15 Chain Mail Armor
38:49 Blast Furnace
39:34 Two-Man Saw
39:08 Crop Rotation
784f22fd
14:16 Feudal Age
18:18 Double-Bit Axe
23:42 Castle Age
25:51 Bow Saw
28:16 Stone Mining
31:09 Stone Shaft Mining
龙吟凤舞
5:40 Loom
10:13 Feudal Age
19:00 Castle Age
17:22 Double-Bit Axe
17:20 Horse Collar
19:25 Wheelbarrow
20:45 Heavy Plow
21:00 Bow Saw
20:38 Town Watch
22:10 Caravan
22:40 Forging
31:58 Imperial Age
32:15 Elite Janissary
34:25 Hand Cart
34:13 Town Patrol
37:02 Bloodlines
37:16 Husbandry
Connection lost

Rejoining the realm…

Still unreachable

The connection could not be restored.

Session expired

The server has moved on; the page needs a fresh start.